 Dungeon Crawl Stone Soup version 0.28.0-1-gb440e238dd (webtiles) character file.

Game seed: 14080007107660428881

9218 PBDoughboyy the Thaumaturge (level 11, 0/92 (97) HPs)
             Began as a Gnoll Earth Elementalist on Feb 19, 2022.
             Was an Initiate of Gozag.
             Slain by a spectral orc knight (24 damage)
             ... summoned by Nergalle
             ... on level 11 of the Dungeon.
             The game lasted 01:17:24 (16213 turns).

PBDoughboyy the Thaumaturge (GnEE)                 Turns: 16213, Time: 01:17:25

HP:   0/92 (97)     AC:  8    Str:  8    XL:     11   Next: 43%
MP:   23/23         EV: 12    Int: 19    God:    Gozag
Gold: 1574          SH:  0    Dex: 12    Spells: 8/26 levels left

rFire   x . .      SeeInvis +     - Unarmed
rCold   + + +      Faith    .   (shield currently unavailable)
rNeg    . . .      Spirit   .   (armour currently unavailable)
rPois   +          Reflect  .   (helmet currently unavailable)
rElec   .          Harm     .   (cloak currently unavailable)
rCorr   .          Rampage  .   (gloves currently unavailable)
Will    +....                   (boots currently unavailable)
Stlth   +++.......              h - amulet of magic regeneration
HPRegen 0.25/turn               g - ring of see invisible
MPRegen 0.58/turn               E - ring of willpower

@: ice-form, lightly drained
A: freezing attack, amphibious, boosted hp, large, (fangs 1), strong nose,
distributed training
a: End Transformation, Renounce Religion, Potion Petition, Call Merchant, Bribe
Branch


You were on level 11 of the Dungeon.
You worshipped Gozag.
Gozag was most pleased with you.
You were a creature of crystalline ice.
You visited 3 branches of the dungeon, and saw 13 of its levels.

You collected 1649 gold pieces.
You paid 75 gold pieces to Gozag.

Inventory:

Hand Weapons
 i - a +2 short sword of venom
 r - a +8 club (melded)
 A - a +3 scimitar of freezing
Missiles
 k - a throwing net
 w - 22 poisoned darts (quivered)
 x - 48 stones
Armour
 b - a +0 pair of gloves (melded)
 n - a +2 pair of boots (melded)
 y - a +0 kite shield (melded)
 F - a +1 hat (melded)
 K - a +1 robe of cold resistance (melded)
Jewellery
 g - a ring of see invisible (left front paw)
 h - an amulet of magic regeneration (around neck)
 E - a ring of willpower (right front paw)
 I - a ring of ice
Wands
 c - a wand of polymorph (12)
 B - a wand of flame (10)
 C - a wand of mindburst (4)
Scrolls
 a - 2 scrolls of vulnerability {unknown}
 e - 3 scrolls of identify {unknown}
 f - a scroll of immolation {unknown}
 j - a scroll of fear {unknown}
 l - 4 scrolls of teleportation {unknown}
 o - 2 scrolls of magic mapping {unknown}
 p - a scroll of torment {unknown}
 s - a scroll of brand weapon {unknown}
 u - a scroll of enchant armour
 D - a scroll of enchant weapon {unknown}
 M - a scroll of amnesia {unknown}
Potions
 d - a potion of attraction {unknown}
 m - 3 potions of heal wounds
 q - 2 potions of curing
 t - a potion of mutation {unknown}
 v - a potion of cancellation {unknown}
 z - 6 potions of flight {unknown}
 G - a potion of magic {unknown}
 H - a potion of might {unknown}
 J - a potion of degeneration {unknown}
 L - a potion of berserk rage {unknown}
 N - a potion of haste {unknown}
 O - a potion of lignification {unknown}


   Skills:
 + Level 6.3 Fighting
 + Level 6.3 Short Blades
 + Level 6.3 Long Blades
 + Level 6.3 Axes
 + Level 6.3 Maces & Flails
 + Level 6.3 Polearms
 + Level 6.3 Staves
 + Level 6.3 Slings
 + Level 6.3 Bows
 + Level 6.3 Crossbows
 + Level 6.3 Throwing
 + Level 6.3 Armour
 + Level 7.9 Dodging
 + Level 7.6 Stealth
 + Level 6.3 Shields
 + Level 6.3 Unarmed Combat
 + Level 8.1 Spellcasting
 + Level 5.2 Conjurations
 + Level 5.2 Hexes
 + Level 5.2 Summonings
 + Level 5.2 Necromancy
 + Level 5.2 Translocations
 + Level 5.7 Transmutations
 + Level 5.2 Fire Magic
 + Level 5.2 Ice Magic
 + Level 5.2 Air Magic
 + Level 7.6 Earth Magic
 + Level 5.2 Poison Magic
 + Level 6.9 Invocations
 + Level 6.3 Evocations


You had 8 spell levels left.
You knew the following spells:

 Your Spells              Type           Power      Damage    Failure   Level
a - Sandblast             Erth           72%        2d16      1%          1
b - Stone Arrow           Conj/Erth      64%        3d11      1%          3
c - Mephitic Cloud        Conj/Pois/Air  27%        N/A       3%          3
d - Petrify               Tmut/Erth      33%        N/A       6%          4
e - Frozen Ramparts       Ice            54%        1d7       3%          3
f - Ice Form              Ice/Tmut       28%        N/A       10%         4

Your spell library contained the following spells:

 Spells                   Type           Power      Damage    Failure   Level
 Magic Dart               Conj           100%       1d8       1%          1
 Call Imp                 Summ           27%        N/A       1%          2
 Corpse Rot               Necr/Air       54%        N/A       1%          2
 Passwall                 Tmut/Erth      27%        N/A       1%          2
 Poisonous Vapours        Pois/Air       54%        N/A       1%          2
 Animate Armour           Summ/Erth      64%        N/A       6%          4
 Summon Ice Beast         Ice/Summ       27%        N/A       11%         4
 Lehudib's Crystal Spear  Conj/Erth      16%        10d5      100%        8


Dungeon Overview and Level Annotations

Branches:
Dungeon (11/15)            Temple (1/1) D:5            Lair (1/6) D:9
    Orc: D:9-12

Altars:
Ashenzari
Cheibriados
Dithmenos
Elyvilon
Fedhas
Gozag
Hepliaklqana
Kikubaaqudgha
Makhleb
Nemelex Xobeh
Okawaru
Qazlal
Ru
Sif Muna
Trog
Uskayaw
Vehumet
Wu Jian
Xom
Yredelemnul
Zin
The Shining One

Annotations:
D:8 exclusions: two-headed ogre and ugly thing
D:11 Nergalle


Innate Abilities, Weirdness & Mutations

You are a creature of crystalline ice.
You have a powerful freezing melee attack.
You are amphibious.
Your maximum health is increased.
Your armour is entirely melded.
You are incapable of wielding weapons or throwing items.
((You have very sharp teeth.))
Your uncanny sense of smell can sniff out nearby items.
Your experience applies equally to all skills.


Message History

You feel sick.
You feel sick.
w - 22 poisoned darts (gained 1)
You feel sick.
You are no longer poisoned.
You start resting.
A killer bee is nearby!
Nergalle the Soulbinder comes into view.
She is wielding a +0 dagger.
Nergalle shouts!
The killer bee buzzes angrily.
You hear a shout!
Press: ? - help, v - describe, . - travel
Here: Nergalle, wielding a +0 dagger and wearing a +0 robe The floor.
Aiming: Polymorph
Press: ? - help, Shift-Dir - straight line, f - Nergalle
Aim: Nergalle, wielding a +0 dagger and wearing a +0 robe (will become a steelbarb worm, a water nymph, or a torpor snail, chance to affect: 29%)
Okay, then.
Aiming: Mindburst
Press: ? - help, Shift-Dir - straight line, f - Nergalle
Aim: Nergalle, wielding a +0 dagger and wearing a +0 robe (chance to affect: 54%) Nergalle resists with significant effort.
The killer bee stings you but does no damage.
The killer bee stings you.
Nergalle gestures at you while chanting.
Orcish apparitions take form around you.
You punch the spectral orc! You freeze the spectral orc.
You destroy the spectral orc!
The spectral orc disappears in a puff of smoke!
The killer bee closely misses you.
The killer bee stings you but does no damage.
The spectral orc warrior hits you but does no damage.
The spectral orc knight hits you with a +3 glaive of freezing!!
You feel drained. The spectral orc knight freezes you.
The killer bee barely misses you.
You hit the spectral orc knight but do no damage.
The killer bee closely misses you.
The spectral orc warrior hits you with a +0 hand axe!
* * * LOW HITPOINT WARNING * * *
The spectral orc knight hits you with a +3 glaive of freezing!!
You die...
Your body crumbles into a pile of gold.

.# # $$$## #...## .#
#. $ $#..###.#### .#
#.##..### $$$
#........# .#
#.......###
######.###.# .#
####..#...# #......#
# ##.###.# #.######
(..#.# ##.#####..
#.#.####$........
####o...yYZ.....####
#.$.....Z...#####
#.##.)##..### $
........#....# ∆
............##.# ..o
######..## ... ..
#....#$ ... ∆ .
.>#.... .... .....∆
...


You could see Nergalle, a spectral orc warrior (summoned), a spectral orc knight
(summoned) and a killer bee.

Vanquished Creatures
  Fannar (D:10)
  A two-headed ogre (D:9)
  Prince Ribbit (D:9)
  Sigmund (D:5)
  A shadow (D:10)
  10 yaks
  A wyvern (D:7)
  Grum (D:8)
  2 steam dragons
  2 acid dragons
  2 water moccasins
  Duvessa (D:7)
  A hornet zombie (D:8)
  5 orc warriors
  A black bear (D:5)
  2 ice beasts
  4 necrophages (D:9)
  An ogre (D:5)
  4 wolves (D:8)
  2 centaurs
  3 phantoms
  2 kobold brigands
  2 bullfrogs
  A wyvern zombie (D:9)
  A gnoll sergeant (D:6)
  2 scorpions
  2 water moccasin zombies
  Dowan (D:7)
  19 killer bees
  An electric eel (D:9)
  A howler monkey (D:3)
  11 wights
  A bullfrog zombie (D:5)
  2 hounds
  3 orc priests
  4 centaur zombies
  A bullfrog skeleton (D:7)
  Ijyb (D:3)
  6 orc wizards
  5 iguanas
  2 killer bee zombies (D:7)
  A mummy (D:9)
  A howler monkey zombie (D:9)
  9 adders
  3 gnolls (D:6)
  2 white imps
  2 ufetubi (D:5)
  An adder zombie (D:5)
  3 worms
  2 dart slugs
  22 orcs
  7 endoplasms
  3 giant cockroaches
  4 goblins
  3 hobgoblins
  2 quokkas
  4 ball pythons
  4 bats
  5 frilled lizards
  16 kobolds
  7 rats
216 creatures vanquished.

Vanquished Creatures (collateral kills)
  3 killer bees
3 creatures vanquished.

Vanquished Creatures (others)
  2 fungi (D:9)
  23 plants
  A withered plant (D:9)
26 creatures vanquished.

Grand Total: 245 creatures vanquished

Notes
Turn   | Place    | Note
-------+----------+-------------------------------------------
     0 | D:1      | PBDoughboyy the Gnoll Earth Elementalist began the quest
                  | for the Orb.
     0 | D:1      | Reached XP level 1. HP: 13/13 MP: 6/6
   222 | D:1      | Reached XP level 2. HP: 19/19 MP: 5/7
   993 | D:2      | Reached skill level 5 in Spellcasting
   993 | D:2      | Reached XP level 3. HP: 25/25 MP: 5/9
  1181 | D:2      | Reached skill level 1 in Invocations
  1186 | D:2      | Learned a level 3 spell: Stone Arrow
  1325 | D:2      | Found a glowing golden altar of the Shining One.
  1402 | D:2      | Reached skill level 1 in Fighting
  1402 | D:2      | Reached skill level 1 in Short Blades
  1402 | D:2      | Reached skill level 1 in Long Blades
  1402 | D:2      | Reached skill level 1 in Axes
  1402 | D:2      | Reached skill level 1 in Maces & Flails
  1402 | D:2      | Reached skill level 1 in Polearms
  1402 | D:2      | Reached skill level 1 in Staves
  1402 | D:2      | Reached skill level 1 in Slings
  1402 | D:2      | Reached skill level 1 in Bows
  1402 | D:2      | Reached skill level 1 in Crossbows
  1402 | D:2      | Reached skill level 1 in Throwing
  1402 | D:2      | Reached skill level 1 in Armour
  1402 | D:2      | Reached skill level 1 in Shields
  1402 | D:2      | Reached skill level 1 in Unarmed Combat
  1402 | D:2      | Reached skill level 1 in Evocations
  1440 | D:2      | You fall into a shaft and drop 1 floor!
  1518 | D:3      | Reached XP level 4. HP: 32/32 MP: 9/11
  1605 | D:3      | Reached skill level 1 in Conjurations
  1605 | D:3      | Reached skill level 1 in Hexes
  1605 | D:3      | Reached skill level 1 in Summonings
  1605 | D:3      | Reached skill level 1 in Necromancy
  1605 | D:3      | Reached skill level 1 in Translocations
  1605 | D:3      | Reached skill level 1 in Fire Magic
  1605 | D:3      | Reached skill level 1 in Ice Magic
  1605 | D:3      | Reached skill level 1 in Air Magic
  1605 | D:3      | Reached skill level 1 in Poison Magic
  1609 | D:3      | Learned a level 3 spell: Mephitic Cloud
  1633 | D:3      | Reached XP level 5. HP: 31/37 MP: 9/12
  1942 | D:3      | Found a white marble altar of Elyvilon.
  1952 | D:3      | Noticed Ijyb
  1971 | D:3      | Killed Ijyb
  2147 | D:3      | Found a bloodstained altar of Trog.
  2841 | D:4      | Found a radiant altar of Vehumet.
  2942 | D:4      | Learned a level 4 spell: Petrify
  3324 | D:4      | Noticed a phantom
  3337 | D:4      | Killed a phantom
  3338 | D:4      | Reached XP level 6. HP: 30/44 MP: 14/14
  3443 | D:4      | Noticed a water moccasin
  3450 | D:4      | Killed a water moccasin
  3451 | D:4      | Reached skill level 5 in Dodging
  3915 | D:5      | Entered Level 5 of the Dungeon
  3931 | D:5      | Noticed a black bear
  3953 | D:4      | Reached XP level 7. HP: 33/50 MP: 8/15
  4121 | D:5      | Found a staircase to the Ecumenical Temple.
  4129 | Temple   | Entered the Ecumenical Temple
  4331 | Temple   | Became a worshipper of Gozag Ym Sagoz the Greedy
  4578 | D:5      | Reached skill level 5 in Stealth
  5182 | D:5      | Noticed Sigmund
  5186 | D:5      | Killed Sigmund
  5187 | D:5      | Reached XP level 8. HP: 58/58 MP: 9/16
  5233 | D:5      | Found a shimmering altar of Xom.
  5233 | D:5      | Found a broken altar of Ashenzari.
  5237 | D:5      | Found an ancient bone altar of Kikubaaqudgha.
  5304 | D:5      | Reached skill level 6 in Spellcasting
  6341 | D:6      | Reached XP level 9. HP: 65/65 MP: 11/18
  6512 | D:6      | Found a hazy altar of Hepliaklqana.
  7445 | D:7      | Noticed Dowan
  7632 | D:7      | Found a hide-covered altar of Uskayaw.
  7712 | D:7      | Noticed Duvessa
  8962 | D:7      | Killed Dowan
  8975 | D:7      | Killed Duvessa
  8976 | D:7      | Reached skill level 5 in Invocations
  9633 | D:7      | Reached skill level 7 in Spellcasting
 10004 | D:7      | Reached XP level 10. HP: 59/73 MP: 17/20
 10996 | D:8      | Reached skill level 5 in Fighting
 10996 | D:8      | Reached skill level 5 in Short Blades
 10996 | D:8      | Reached skill level 5 in Long Blades
 10996 | D:8      | Reached skill level 5 in Axes
 10996 | D:8      | Reached skill level 5 in Maces & Flails
 10996 | D:8      | Reached skill level 5 in Polearms
 10996 | D:8      | Reached skill level 5 in Staves
 10996 | D:8      | Reached skill level 5 in Slings
 10996 | D:8      | Reached skill level 5 in Bows
 10996 | D:8      | Reached skill level 5 in Crossbows
 10996 | D:8      | Reached skill level 5 in Throwing
 10996 | D:8      | Reached skill level 5 in Armour
 10996 | D:8      | Reached skill level 5 in Shields
 10996 | D:8      | Reached skill level 5 in Unarmed Combat
 10996 | D:8      | Reached skill level 5 in Evocations
 11098 | D:8      | Noticed a two-headed ogre
 11526 | D:8      | Noticed a cyan ugly thing
 11940 | D:8      | Noticed Grum
 11962 | D:8      | Killed Grum
 12748 | D:9      | Noticed Prince Ribbit
 12762 | D:9      | Killed Prince Ribbit
 12763 | D:9      | Reached skill level 5 in Transmutations
 12950 | D:9      | Found a staircase to the Lair.
 12972 | Lair:1   | Entered Level 1 of the Lair of Beasts
 13712 | D:9      | Reached XP level 11. HP: 49/81 MP: 17/22
 14063 | D:10     | Entered Level 10 of the Dungeon
 14085 | D:10     | Noticed a two-headed ogre
 14742 | D:9      | Killed a two-headed ogre
 14743 | D:9      | Reached skill level 5 in Conjurations
 14743 | D:9      | Reached skill level 5 in Hexes
 14743 | D:9      | Reached skill level 5 in Summonings
 14743 | D:9      | Reached skill level 5 in Necromancy
 14743 | D:9      | Reached skill level 5 in Translocations
 14743 | D:9      | Reached skill level 5 in Fire Magic
 14743 | D:9      | Reached skill level 5 in Ice Magic
 14743 | D:9      | Reached skill level 5 in Air Magic
 14743 | D:9      | Reached skill level 5 in Poison Magic
 14806 | D:9      | Reached skill level 8 in Spellcasting
 15100 | D:9      | Learned a level 3 spell: Frozen Ramparts
 15105 | D:9      | Learned a level 4 spell: Ice Form
 15133 | D:10     | Noticed Fannar
 15230 | D:10     | Killed Fannar
 16204 | D:11     | Noticed Nergalle
 16213 | D:11     | Slain by a spectral orc knight

Illustrated notes

Levels and vault maps discovered:
D:1:      lightli_arrival_boilingwater, layout_loops_cross,
          serial_bayou_lagoon_a, serial_park_tiny_1
D:2:      layout_rooms, basic_altar, grunt_decor_mini_mirrors
D:3:      layout_loops_cross, mainiacjoe_overflow_catch_the_wave, st_stairs_7,
          uniq_ijyb
D:4:      layout_basic, vehumet_crystals, minmay_misc_feat_rows
D:5:      layout_rooms, gammafunk_temple_overflow_claw,
          minmay_temple_entry_gardened_gates, kennysheep_generic_room_2,
          uniq_sigmund
D:6:      layout_basic, nicolae_hepliaklqana_hazy_memory, serial_bayou_pond_e
D:7:      layout_loops_corners, lemuel_doored_altar, uniq_duvessa
D:8:      layout_loops_cross, minmay_evil_grid, uniq_grum
D:9:      layout_loops_corners, dpeg_oklobed_lair, serial_undead,
          serial_undead_d, serial_undead_f, serial_undead_b, serial_undead_e,
          fountainhead, uniq_prince_ribbit1
D:10:     layout_cave_pools, uniq_fannar
D:11:     layout_rooms, hiddenorc1_lemuel, uniq_nergalle, uniq_josephine
Temple:   eino_temple_water
Lair:1:   layout_hall_layers, infiniplex_staircase_pool_2

Skill      XL: |  1  2  3  4  5  6  7  8  9 10 11 |
---------------+----------------------------------+-----
Transmutations | 2 3 4 5 |  5.7
Spellcasting   | 5 6 7 8 |  8.1
Invocations    | 1 2 3 4 5 6 |  6.9
Fighting       | 1 2 3 4 5 6 |  6.3
Short Blades   | 1 2 3 4 5 6 |  6.3
Long Blades    | 1 2 3 4 5 6 |  6.3
Axes           | 1 2 3 4 5 6 |  6.3
Maces & Flails | 1 2 3 4 5 6 |  6.3
Polearms       | 1 2 3 4 5 6 |  6.3
Staves         | 1 2 3 4 5 6 |  6.3
Slings         | 1 2 3 4 5 6 |  6.3
Bows           | 1 2 3 4 5 6 |  6.3
Crossbows      | 1 2 3 4 5 6 |  6.3
Throwing       | 1 2 3 4 5 6 |  6.3
Armour         | 1 2 3 4 5 6 |  6.3
Shields        | 1 2 3 4 5 6 |  6.3
Unarmed Combat | 1 2 3 4 5 6 |  6.3
Evocations     | 1 2 3 4 5 6 |  6.3
Conjurations   | 1 2 3 4 5 |  5.2
Hexes          | 1 2 3 4 5 |  5.2
Summonings     | 1 2 3 4 5 |  5.2
Necromancy     | 1 2 3 4 5 |  5.2
Translocations | 1 2 3 4 5 |  5.2
Fire Magic     | 1 2 3 4 5 |  5.2
Ice Magic      | 1 2 3 4 5 |  5.2
Air Magic      | 1 2 3 4 5 |  5.2
Poison Magic   | 1 2 3 4 5 |  5.2
Dodging        | 5 6 7 |  7.9
Stealth        | 5 6 7 |  7.6
Earth Magic    | 6 7 |  7.6

Action                   |  1- 3 |  4- 6 |  7- 9 | 10-12 || total
-------------------------+-------+-------+-------+-------++-------
Melee: Unarmed           |    11 |       |       |    50 ||    61
       Bite              |     6 |     6 |    25 |    30 ||    67
       Dagger            |    26 |       |       |       ||    26
       Short sword       |     9 |    49 |       |       ||    58
       Punch             |     1 |     2 |     6 |     7 ||    16
       Club              |       |    34 |   148 |   177 ||   359
Throw: Boomerang         |       |     5 |    23 |     1 ||    29
       Dart              |       |       |       |    57 ||    57
 Cast: Sandblast         |    27 |     7 |    75 |    93 ||   202
       Stone Arrow       |       |    16 |    33 |     7 ||    56
       Mephitic Cloud    |       |       |    12 |    12 ||    24
       Petrify           |       |       |    25 |    25 ||    50
       Ice Form          |       |       |       |     4 ||     4
       Frozen Ramparts   |       |       |       |     1 ||     1
Evoke: Wand              |       |       |     4 |     1 ||     5
  Use: Scroll            |       |       |     2 |     1 ||     3
       Potion            |       |       |     1 |       ||     1
 Stab: Sleeping          |     7 |     2 |     2 |     3 ||    14
       Petrified         |       |       |    47 |    75 ||   122
       Confused          |       |       |     4 |     3 ||     7
       Petrifying        |       |       |     2 |     2 ||     4
Armor: Robe              |     9 |     8 |    17 |    41 ||    75
       Skin              |       |     7 |       |    11 ||    18
Dodge: Dodged            |    29 |    35 |   112 |   148 ||   324
Block: Kite shield       |       |       |       |    36 ||    36
